 Dungeon Crawl Stone Soup version 0.29-a0-11-ga75d3d97ab (webtiles) character file.

Game seed: 17437426143816960855

98 HallandMoats the Ruffian (level 4, -1/40 HPs)
             Began as a Ghoul Monk on Jan 28, 2022.
             Slain by Menkaure (19 damage)
             ... on level 4 of the Dungeon.
             The game lasted 00:02:48 (3544 turns).

HallandMoats the Ruffian (Ghoul Monk)               Turns: 3544, Time: 00:02:49

Health: -1/40      AC:  6    Str: 16    XL:     4   Next: 69%
Magic:  3/3        EV: 11    Int:  5    God:
Gold:   58         SH:  0    Dex: 11    Spells: 3/3 levels left

rFire   . . .      SeeInvis .     - Unarmed
rCold   + . .      Faith    .   (no shield)
rNeg    + + +      Spirit   .   s - +0 ring mail
rPois   ∞          Reflect  .   (no helmet)
rElec   .          Harm     .   (no cloak)
rCorr   .          Rampage  .   (no gloves)
Will    .....                   g - +0 pair of boots
Stlth   +.........              (no amulet)
HPRegen 0.00/turn               r - ring of flight
MPRegen 0.08/turn               (no ring)

@: flying, inhibited regen
A: claws 1, cold resistance 1, negative energy resistance 3, inhibited
regeneration, torment resistance 2
a: no special abilities


You were on level 4 of the Dungeon.
You visited 1 branch of the dungeon, and saw 4 of its levels.

You collected 98 gold pieces.
You spent 40 gold pieces at shops.

Inventory:

Missiles
 c - a throwing net (quivered)
Armour
 g - a +0 pair of boots (worn)
 s - a +0 ring mail (worn)
Jewellery
 r - a ring of flight (left claw)
Wands
 a - a wand of flame (9)
 t - a wand of iceblast (6)
Scrolls
 e - a scroll of enchant weapon {unknown}
 f - a scroll of teleportation {unknown}
 j - a scroll of blinking {unknown}
 k - a scroll of enchant armour {unknown}
 m - a scroll of identify {unknown}
 n - a scroll of fog {unknown}
 q - a scroll of amnesia {unknown}
 u - a scroll of vulnerability {unknown}
Potions
 b - a potion of brilliance {unknown}
 d - a potion of curing {unknown}
 h - 2 potions of flight {unknown}
 i - a potion of lignification {unknown}
 l - a potion of might
 o - a potion of cancellation {unknown}
 p - a potion of attraction {unknown}


   Skills:
 * Level 4.2 Fighting
 + Level 1.1 Armour
 + Level 3.1 Dodging
 - Level 2.1 Stealth
 * Level 4.4 Unarmed Combat


You had 3 spell levels left.
You didn't know any spells.
Your spell library contained the following spells:

 Spells                   Type           Power      Damage    Failure   Level
 Freeze                   Ice            0%         1d3       71%         1
 Frozen Ramparts          Ice            0%         1d2       97%         3
 Hailstorm                Conj/Ice       0%         3d3       100%        4
 Summon Ice Beast         Ice/Summ       0%         N/A       100%        4
 Ice Form                 Ice/Tmut       Unusable   N/A       N/A         4

Dungeon Overview and Level Annotations

Branches:
Dungeon (4/15)
 Temple: D:4-7

Altars:
The Shining One

Shops:
D:1 :=*   D:2 !

Annotations:
D:4 Menkaure


Innate Abilities, Weirdness & Mutations

You thrive by killing the living.
You are immune to poison.
You have sharp fingernails.
Your flesh is cold resistant. (rC+)
You are immune to negative energy. (rN+++)
You do not regenerate when monsters are visible.
You are immune to unholy pain and torment.


Message History

You claw the ball python!
You kill the ball python!
No target in view!
No target in view!
No target in view!
No target in view!
No target in view!
No target in view!
You now have 58 gold pieces (gained 9).
t - a wand of iceblast (6)
Found a stone staircase leading up.
Found a club.
No target in view!
There is a stone staircase leading up here.
u - a scroll labelled UTSERPH NEOMPE
Found a ring mail.
Menkaure, Prince of Dust comes into view.
Found a viscous yellow potion.
Found an escape hatch in the floor.
Menkaure shouts!
Menkaure is nearby!
Menkaure is nearby!
Found 2 dark potions.
You scratch Menkaure.
Menkaure is lightly damaged.
Menkaure gestures wildly while chanting.
Menkaure seems to speed up.
You scratch Menkaure but do no damage.
Menkaure is lightly damaged.
Menkaure closely misses you.
You claw Menkaure!
Menkaure is heavily damaged.
Menkaure hits you!
You claw Menkaure!
Menkaure is almost destroyed.
Menkaure grins.
Menkaure hits you!
You scratch Menkaure.
Menkaure is almost destroyed.
Menkaure hits you!!
You die...

#. .. #......!..#
######## .........#
#....# .........#
#....# ........#
###....# ..!>.....
.......# #.....#
###....#### #M...[#
#.......######@....#
#....##............#
##############.....#
#.....# #######


You could see Menkaure (fast).

Vanquished Creatures
  Ijyb (D:3)
  3 adders
  4 worms (D:2)
  A dart slug (D:2)
  An orc (D:4)
  2 endoplasms (D:3)
  2 giant cockroaches (D:2)
  2 goblins
  4 hobgoblins
  A quokka (D:1)
  3 ball pythons
  2 bats
  2 frilled lizards (D:1)
  4 kobolds
  4 rats
36 creatures vanquished.

Notes
Turn   | Place    | Note
-------+----------+-------------------------------------------
     0 | D:1      | HallandMoats the Ghoul Monk began the quest for the Orb.
     0 | D:1      | Reached XP level 1. HP: 19/19 MP: 0/0
    37 | D:1      | Found Baiwnys's General Store.
   296 | D:1      | Found Voileol's Book Boutique.
   318 | D:1      | Found Xorgh's One-of-a-Kind Rings.
   611 | D:1      | Reached XP level 2. HP: 23/26 MP: 1/1
   771 | D:1      | Found a faded altar of an unknown god.
  1218 | D:2      | Reached XP level 3. HP: 25/33 MP: 2/2
  1865 | D:2      | Found Sablo's Distillery.
  1869 | D:2      | Bought a potion of might for 40 gold pieces
  2592 | D:3      | Noticed Ijyb
  2609 | D:3      | Killed Ijyb
  2610 | D:3      | Reached skill level 1 in Armour
  2610 | D:3      | Reached XP level 4. HP: 19/40 MP: 3/3
  3538 | D:4      | Noticed Menkaure
  3544 | D:4      | Slain by Menkaure

Illustrated notes

Levels and vault maps discovered:
D:1:      dpeg_arrival_tiny_d, layout_basic,
          shapermc_ecumenical_altar_mp_vishouse, serial_shops,
          nicolae_lakefront_shop, nicolae_shop_hallway_plus,
          nicolae_shop_unique_rings
D:2:      layout_basic, serial_shops, shop
D:3:      layout_loops_corners, nicolae_tso_swordbearing_angel, uniq_ijyb
D:4:      layout_rooms, grunt_temple_overflow_bloody_war,
          minmay_temple_entry_junction, serial_shops, shop,
          grunt_decor_mini_mirrors, uniq_pikel, uniq_menkaure

Skill      XL: |  1  2  3 |
---------------+----------+-----
Unarmed Combat | 4 |  4.4
Fighting       | 4 |  4.2
Armour         | 1 |  1.1
Dodging        | 3 |  3.1
Stealth        | |  2.1

Action                   |  1- 3 |  4- 6 || total
-------------------------+-------+-------++-------
Melee: Unarmed           |   122 |    37 ||   159
       Punch             |     4 |     2 ||     6
 Stab: Sleeping          |     1 |       ||     1
Armor: Robe              |    18 |       ||    18
       Ring mail         |       |    14 ||    14
Dodge: Dodged            |    65 |    21 ||    86

Table legend: (Time is in decaauts)
 A = Elapsed time spent in this place.
 B = Non-inter-level travel time spent in this place.
 C = Inter-level travel time spent in this place.
 D = Time resting spent in this place.
 E = Time spent auto-exploring this place.
 F = Levels seen in this place.
 G = Mean time per level.
                   A        B        C        D        E       F      G
               +--------+--------+--------+--------+--------+-----+--------+
         Total |   3535 |   3365 |    170 |    228 |   2762 |   4 |  883.8 |
       Dungeon |   3535 |   3365 |    170 |    228 |   2762 |   4 |  883.8 |
               +--------+--------+--------+--------+--------+-----+--------+

Top non-repeatable levels by time:
     D:3: 1269 daAuts
     D:1: 1154 daAuts
     D:2: 1029 daAuts
     D:4: 81 daAuts
